Unix NetHack Version 5.0.0-0 post-release - last build Jun 10 2026 00:39:30 (3ee93aec679c4c4259841fe613dc97188e26a321,branch:main).

Game began 2026-06-24 20:17:52, ended 2026-06-24 20:34:04.

DaveT, lawful male human Priest

                                                          -----------
                                                          |`.`.....`|
                                                          |`...<@f..-#
                                                          +.`.....^.|#
                                                          ---------.-#
                                                                   # #
                                                                   # #
                                                                   % #
                                                                  ## #
                                                                    ##
                                                                    #--------
                                                                    #|.%%%.%|
                                                                    #|.%%%%.|
                                                                    #|.%%%%%|
                                                                    #|.%%(%%|
                                                                    #-.%%%.%|
                                                                     --------

DaveT the Adept              St:11 Dx:14 Co:15 In:8 Wi:18 Ch:9  Lawful
Dlvl:5  $:6  HP:0(52) Pw:73(73) AC:1  Xp:6 T:2447  Deaf

Latest messages:
 It bites!
 It just misses!
 It bites!
 Wait!  There's something there you can't see!
 It bites!
 You kill it!
 You try to feel what is lying here on the ground.
 You feel here a giant rat corpse.
 You can see again.
 You kill the giant rat!
 You kill the giant rat!
 There is a doorway here.
 You see here a giant rat corpse.
 There is a giant rat corpse here; eat it? [ynq] (n) y
 This giant rat corpse is tough.
 You finish eating the giant rat corpse.
 The giant rat misses!
 You kill the giant rat!
 What do you want to eat? [efBHM or ?*] y
 You don't have that object.
 What do you want to eat? [efBHM or ?*] <space>
 Never mind.
 You see here a giant rat corpse.
 There is a giant rat corpse here; eat it? [ynq] (n) y
 Blecch!  Rotten food!
 The world spins and goes dark.
 You are conscious again.
 You see here a partly eaten giant rat corpse.
 There is a partly eaten giant rat corpse here; eat it? [ynq] (n) y
 The corpse smells like it could be rotten!  Eat it anyway? [yn] (n) n
 Your nose stops tingling and your sense of smell returns to normal.
 A rock piercer suddenly drops from the ceiling!
 Its blow glances off your helm.
 You hit the rock piercer!
 You kill the rock piercer!
 You see here a rock piercer corpse.
 There is a rock piercer corpse here; eat it? [ynq] (n) y
 Blecch!  Rotten food!
 The world spins and goes dark.
 The housecat bites!
 The housecat bites!
 The housecat bites!
 The housecat bites!
 The housecat bites!
 The housecat bites!
 The housecat bites!
 The housecat bites!
 You die...
 Do you want your possessions identified? [ynq] (y) y
 Do you want to see your attributes? [ynq] (y) q

Inventory:
 Coins    ('$')
  $ - 6 gold pieces
 Weapons  (')')
  r - 2 +0 orcish daggers
  a - a blessed +6 mace (weapon in right hand)
 Armor    ('[')
  k - a +0 orcish helm (being worn)
  i - a burnt +0 pair of leather gloves (being worn)
  c - a +0 small shield (being worn)
  b - a +0 robe (being worn)
  m - a rustproof +0 chain mail (being worn)
 Comestibles  ('%')
  B - 2 carrots
  e - a clove of garlic
  M - a cream pie
  H - a food ration
  f - a sprig of wolfsbane
 Potions  ('!')
  K - a blessed potion of healing
  g - a potion of water
 Rings    ('=')
  U - a cursed ring of polymorph
 Tools    ('(')
  Z - a blessed bag of holding containing 13 items
  v - a cursed brass lantern
  I - a skeleton key

Contents of the bag of holding:
  35 gold pieces
  9 +0 arrows
  10 cursed -1 arrows
  a +0 dagger
  a scroll of confuse monster
  a scroll of identify
  a potion of extra healing
  a cursed potion of extra healing
  a potion of healing
  a potion of holy water
  a potion of water
  2 jade stones
  a worthless piece of white glass

DaveT the Priest's attributes:

Background:
 You were an Adept, a level 6 human Priest.
 You were lawful, on a mission for Quetzalcoatl
 who was opposed by Camaxtli (neutral) and Huhetotl (chaotic).
 You were right-handed.
 You were in the Dungeons of Doom, on level 5.
 You entered the dungeon 2447 turns ago.
 You had 499 experience points, 141 more were needed to attain level 7.

Basics:
 You had 0 out of 52 hit points.
 You had all 73 energy points (spell power).
 Your armor class was 1.
 Your wallet contained 6 zorkmids, and
 you had 35 more stashed away in your pack.
 Autopickup was off.

Final Characteristics:
 Your strength was 11 (limit:18/100).
 Your dexterity was 14 (limit:18).
 Your constitution was 15 (limit:18).
 Your intelligence was 8 (limit:18).
 Your wisdom was 18 (limit:18).
 Your charisma was 9 (limit:18).

Final Status:
 You were deaf.
 You weren't hungry.
 You were unencumbered.
 You were wielding a mace.
 You were skilled in mace.

Final Attributes:
 You were piously aligned.
 You were guarded.
 Your spell casting was impaired by metallic armor, mitigated by your robe.
 You are dead.

Miscellaneous:
 You didn't encounter any bones levels.
 Total elapsed playing time was 16 minutes and 11 seconds.

Major events:
 Turn
    1: DaveT the lawful human Priest entered the dungeon
 1133: attained the rank of Acolyte (level 3)
 1359: entered the Gnomish Mines
 2009: attained the rank of Adept (level 6)
 2447: killed by a housecat, while unconscious from rotten food

Spells:
 Name                 Level Category     Fail Retention
 detect monsters        1   divination    67%  76%-100%
 identify               3   divination   100%  76%-100%
 light                  1   clerical      67%  91%-100%

Skills:
 Fighting Skills
   bare handed combat [Unskilled]
 Weapon Skills
   club               [Unskilled]
   mace               [Skilled]
   morning star       [Unskilled]
   flail              [Unskilled]
   hammer             [Unskilled]
   quarterstaff       [Unskilled]
   polearms           [Unskilled]
   spear              [Unskilled]
   trident            [Unskilled]
   lance              [Unskilled]
   bow                [Unskilled]
   sling              [Unskilled]
   crossbow           [Unskilled]
   dart               [Unskilled]
   shuriken           [Unskilled]
   boomerang          [Unskilled]
   unicorn horn       [Unskilled]
 Spellcasting Skills
   healing spells     [Unskilled]
   divination spells  [Unskilled]
   clerical spells    [Basic]

Voluntary challenges:
 Character rerolling was not enabled.
 You never genocided any monsters.
 You never polymorphed an object.
 You never changed form.
 You used no wishes.
Achievements:
 You entered a shop.
 You attained the rank of Acolyte.
 You entered the Gnomish Mines.
 You attained the rank of Adept.

 The Dungeons of Doom: levels 1 to 5
    Level 1:
       A fountain.
    Level 2:
       A general store, an altar to Quetzalcoatl, a sink.
    Level 3:
       A general store.
       Stairs down to The Gnomish Mines.
    Level 4: "vault door in <"
       A general store, some fountains.
    Level 5: <- You were here.
       A food shop.
       Final resting place for
          you, killed by a housecat, while unconscious from rotten food.
 The Gnomish Mines:
    Level 4:


Vanquished creatures:
  a giant mimic
  3 small mimics
  5 Mordor orcs
  a rock piercer
  a rock mole
  a pony
  2 giant ants
  a little dog
  a homunculus
  a rabid rat
  2 centipedes
  2 giant bats
 an iguana
 an acid blob
  3 coyotes
  4 manes
  6 giant rats
  a gnome
  2 garter snakes
  2 gnome zombies
  6 jackals
  2 foxes
  a kobold
  2 goblins
  a sewer rat
  2 grid bugs
  2 lichens
  8 newts
65 creatures vanquished.

No species were genocided or became extinct.

Game over:
                       ----------
                      /          \
                     /    REST    \
                    /      IN      \
                   /     PEACE      \
                  /                  \
                  |      DaveT       |
                  |      41 Au       |
                  |   killed by a    |
                  |     housecat     |
                  |                  |
                  |                  |
                  |       2026       |
                 *|     *  *  *      | *
        _________)/\\_//(\/(/\)/\//\/|_)_______

Goodbye DaveT the Priest...

You died in The Dungeons of Doom on dungeon level 5 with 2293 points,
and 41 pieces of gold, after 2447 moves.
You were level 6 with a maximum of 52 hit points when you died.

